 Dungeon Crawl Stone Soup version 0.24-a0-264-gf46a388 (webtiles) character file.

Game seed: 15660664696218610090

140 MatthieuS the Magician (level 5, 0/28 HPs)
             Began as a Deep Elf Venom Mage on Apr 19, 2019.
             Slain by a quasit (2 damage)
             ... on level 2 of the Dungeon.
             The game lasted 00:05:11 (3186 turns).

MatthieuS the Magician (Deep Elf Venom Mage)        Turns: 3186, Time: 00:05:12

Health: 0/28       AC:  5    Str:  5      XL:     5   Next: 2%
Magic:  10/14      EV: 11    Int: 21      God:
Gold:   98         SH:  2    Dex:  8 (15) Spells: 6/13 levels left

rFire    . . .     SeeInvis .   n - +0 short sword
rCold    . . .     Gourm    .   b - +0 buckler
rNeg     . . .     Faith    .   a - +0 robe
rPois    .         Spirit   .   d - +1 helmet
rElec    .         Reflect  .   (no cloak)
rCorr    .         Harm     .   f - +0 pair of gloves
MR       .....                  (no boots)
Stlth    ++........             o - amulet of the acrobat
HPRegen  0.09/turn              (no ring)
MPRegen  0.14/turn              (no ring)

@: no status effects
A: no striking features
a: no special abilities


You were on level 2 of the Dungeon.
You were not hungry.

You visited 1 branch of the dungeon, and saw 3 of its levels.

You collected 98 gold pieces.

Inventory:

Hand Weapons
 n - a +0 short sword (weapon)
   (You took it off an orc on level 3 of the Dungeon)
Armour
 a - a +0 robe (worn)
 b - a +0 buckler (worn)
   (You found it on level 3 of the Dungeon)
 d - a +1 helmet (worn)
   (You found it on level 1 of the Dungeon)
 f - a +0 pair of gloves (worn)
   (You found it on level 1 of the Dungeon)
Jewellery
 k - a cursed -3 ring of intelligence {unknown}
   (You found it on level 1 of the Dungeon)
 o - an amulet of the acrobat (around neck)
   (You found it on level 3 of the Dungeon)
Scrolls
 h - a scroll of amnesia
 i - a scroll of fog
 l - 3 scrolls of identify {@r1}
Comestibles
 c - 2 chunks of flesh
 e - 6 rations


   Skills:
 - Level 2.4 Dodging
 - Level 2.4 Stealth
 + Level 0.2 Shields
 + Level 4.7 Spellcasting
 + Level 3.1 Conjurations
 + Level 4.5 Poison Magic


You had 6 spell levels left.
You knew the following spells:

 Your Spells              Type           Power        Failure   Level  Hunger
a - Sting                 Conj/Pois      ###.         3%          1    None
b - Poisonous Vapours     Pois/Air       ##....       11%         2    #......
c - Apportation           Tloc           #.....       19%         1    None
d - Mephitic Cloud        Conj/Pois/Air  ###.....     19%         3    ##.....

Your spell library contained the following spells:

 Spells                   Type           Power        Failure   Level  Hunger
 Animate Skeleton         Necr           N/A          19%         1    None
 Confusing Touch          Hex            #.....       19%         1    None
 Summon Small Mammal      Summ           #...         19%         1    None
 Olgreb's Toxic Radiance  Pois           ###.....     28%         4    ####...
 Venom Bolt               Conj/Pois      ###.......   71%         5    ######.


Dungeon Overview and Level Annotations

Branches:
Dungeon (3/15)

Altars:
Dithmenos
Fedhas


Message History

The quasit claws you.
* * * LOW HITPOINT WARNING * * *
The quasit claws you.
* * * LOW HITPOINT WARNING * * *
The quasit closely misses you. x3
The quasit closely misses you. x2; The quasit misses you.
The quasit closely misses you. x2; You block the quasit's attack.
There is a stone staircase leading up here.
The quasit closely misses you. x2; The quasit claws you.
* * * LOW HITPOINT WARNING * * *
You climb upwards.
There is a stone staircase leading down here.
Unknown command.
The quasit bites you but does no damage.
You block the quasit's attack.
The quasit claws you but does no damage.
As you read the scroll labeled FITOUB MEONARR, it crumbles to dust.
It is a scroll of amnesia.
Okay, then.
The quasit misses you. The quasit claws you.
* * * LOW HITPOINT WARNING * * *
You feel clumsy. The quasit barely misses you.
Unknown command.
As you read the scroll labeled AGEFUCS AHAGAS, it crumbles to dust.
You feel blessed for a moment.
It was a scroll of remove curse.
The quasit closely misses you. You block the quasit's attack.
The quasit closely misses you.
As you read the scroll labeled HOERIH DIWU, it crumbles to dust.
The creatures around you are filled with an inner flame!
It was a scroll of immolation.
The quasit bites you but does no damage.
The quasit closely misses you. The quasit claws you.
* * * LOW HITPOINT WARNING * * *
You block the quasit's attack. The quasit closely misses you.
The quasit claws you.
* * * LOW HITPOINT WARNING * * *
You feel clumsy.
As you read the scroll labeled LUHEIT COHUINO, it crumbles to dust.
The scroll dissolves into smoke.
It was a scroll of fog.
The quasit closely misses you.
The quasit claws you but does no damage.
You block the quasit's attack.
Your magical contamination has completely faded away.
As you read the scroll labeled XOTHO HIOQI, it crumbles to dust.
It is a scroll of enchant armour.
Your +0 helmet glows green for a moment.
The quasit bites you but does no damage.
The quasit claws you.
You die...

....#####.....#
#..............#
....##.....##.#
#......#########
######.....##.#
#..##÷##
#.....##.#
#..##.# ###
#.....+..#
##.....# ..#
#.....#..#
#...#### #.#
###'###..###§§##
### ###
#####§5§# #@#.#
♣♣♣♣♣ #§§§#
♣♣...♣♣ #§#§#
♣♣.....♣♣
#.#.#########
♣♣.......♣♣
#.#.........#
♣...._....♣
#.#########.#
♣♣.........♣♣
#.......###.#
♣...........♣
######.#÷...#
♣.♣.......♣.♣
#.#)####


You could see a quasit (inner flame).

Vanquished Creatures
  An orc priest (D:3)
  An orc wizard (D:3)
  3 adders
  A worm (D:3)
  2 dart slugs
  A leopard gecko (D:2)
  4 orcs (D:3)
  3 giant cockroaches
  A goblin (D:1)
  5 hobgoblins
  7 kobolds
  3 quokkas
  A ball python (D:2)
  7 bats
  7 frilled lizards
  4 rats
51 creatures vanquished.

Notes
Turn   | Place    | Note
-------+----------+-------------------------------------------
     0 | D:1      | MatthieuS the Deep Elf Venom Mage began the quest for the
                  | Orb.
     0 | D:1      | Reached XP level 1. HP: 10/10 MP: 6/6
   548 | D:1      | You fall through a shaft!
   550 | D:2      | Reached XP level 2. HP: 14/15 MP: 5/8
   948 | D:2      | Reached XP level 3. HP: 19/19 MP: 6/10
  1547 | D:2      | Found a blossoming altar of Fedhas.
  1935 | D:2      | Learned a level 2 spell: Poisonous Vapours
  1939 | D:2      | Learned a level 3 spell: Mephitic Cloud
  2447 | D:3      | Learned a level 1 spell: Apportation
  2471 | D:3      | Found a shadowy altar of Dithmenos.
  2591 | D:3      | Reached XP level 4. HP: 17/24 MP: 1/12
  3041 | D:3      | Reached XP level 5. HP: 28/28 MP: 5/14
  3184 | D:2      | HP: 1/28 [quasit (1)]
  3186 | D:2      | Slain by a quasit

Levels and vault maps discovered:
D:1:      co_arrival_random_square_maze, layout_loops_ring
D:2:      layout_basic, minmay_misc_feat_rows, fedhas_altar_fruit_tree
D:3:      layout_loops_cross, dk_vineyard_2, corexii_item_surrounded_by_moat,
          serial_park_tiny_pond, nicolae_dithmenos_shadow_blocks

Skill      XL: |  1  2  3  4 |
---------------+-------------+-----
Conjurations   | 2 3 |  3.1
Spellcasting   | 4 |  4.7
Poison Magic   | 4 |  4.5
Dodging        | |  2.4
Stealth        | |  2.4
Shields        | |  0.2

Action                   |  1- 3 |  4- 6 || total
-------------------------+-------+-------++-------
Melee: Unarmed           |     1 |     4 ||     5
       Short sword       |       |     4 ||     4
 Cast: Sting             |    85 |    23 ||   108
       Poisonous Vapours |     2 |     3 ||     5
       Mephitic Cloud    |       |     3 ||     3
  Use: Potion            |       |     3 ||     3
       Scroll            |       |     6 ||     6
  Eat: Ration            |     1 |     1 ||     2
       Chunk             |     1 |       ||     1
Armor: Robe              |     5 |    30 ||    35
Dodge: Dodged            |     6 |    72 ||    78
Block: Buckler           |       |    18 ||    18

Table legend:
 A = Non-vault XP
 B = Vault XP
 C = Vault XP percentage of total XP
 D = Non-vault monster count
 E = Vault monster count
 F = Vault count percentage of total count
                 A         B        C        D         E       F
            +---------+---------+-------+---------+---------+-------
      Total |     200 |       0 |   0.0 |      51 |       0 |   0.0
            +---------+---------+-------+---------+---------+-------
        D:1 |      16 |       0 |   0.0 |      10 |       0 |   0.0
        D:2 |      64 |       0 |   0.0 |      24 |       0 |   0.0
        D:3 |     120 |       0 |   0.0 |      17 |       0 |   0.0
            +---------+---------+-------+---------+---------+-------
